 Dungeon Sprint DCSS version 0.31-a0-4-gefa6de2278 (webtiles) character file.

Game seed: 13129897474304881692

4406 Darkkill the Warrior (level 10, -10/106 HPs)
             Began as a Green Draconian Monk on May 3, 2023.
             Was an Initiate of Yredelemnul.
             Mangled by a deep troll (16 damage)
             ... in the Dungeon (Sprint VII: "The Pits").
             The game lasted 00:04:48 (1056 turns).

Darkkill the Warrior (Green Draconian Monk)         Turns: 1056, Time: 00:04:48

Health: -10/106    AC: 11    Str: 17    XL:     10   Next: 14%
Magic:  10/10      EV: 21    Int: 11    God:    Yredelemnul [......]
Gold:   0          SH:  0    Dex: 14    Spells: 9/9 levels left

rFire   . . .        a - +0 trident (heavy)
rCold   . . .        c - orb {light}
rNeg    . . .        (body armour unavailable)
rPois   +            (helmet restricted)
rElec   .            r - +0 cloak
rCorr   .            (no gloves)
SInv    .            (no boots)
Will    .....        (no amulet)
Stlth   +            p - +3 ring of evasion
HPRegen 0.37/turn    j - +3 ring of protection
MPRegen 0.12/turn

%: no teleportation
@: short of breath, slowed, glowing, very slow
A: breathe noxious fumes, AC +7, unfitting armour, poison resistance,
cold-blooded
a: Breathe Noxious Fumes, Renounce Religion, Recall Undead Harvest


You were in the Dungeon.
You worshipped Yredelemnul.
Yredelemnul was noncommittal.
You visited 1 branch

Inventory:

Hand Weapons
 a - a +0 heavy trident (weapon)
 o - the +2 rapier of Guri {flame, rN+}
   (You found it in the Dungeon)

   rN:        It protects you from negative energy.
Missiles
 h - 4 poisoned darts (quivered)
 i - a boomerang
 l - 12 stones
Armour
 c - an orb of light (worn)
 r - a +0 cloak (worn)
Jewellery
 j - a +3 ring of protection (right hand)
 p - a +3 ring of evasion (left hand)
Scrolls
 m - 5 scrolls of amnesia
Potions
 b - a potion of ambrosia
 d - 2 potions of curing {@q1}
 f - 2 potions of haste
 g - 4 potions of magic
 k - 2 potions of invisibility
 n - 2 potions of resistance
 q - a potion of brilliance


   Skills:
 + Level 15.4 Fighting
 + Level 14.2 Long Blades
 + Level 13.1 Dodging


You had 9 spell levels left.
You didn't know any spells.
Your spell library was empty.

Dungeon Overview and Level Annotations

Branches:
Dungeon (1/1)

Altars:
Ashenzari
Cheibriados
Dithmenos
Elyvilon
Fedhas
Gozag
Hepliaklqana
Kikubaaqudgha
Makhleb
Nemelex Xobeh
Okawaru
Qazlal
Ru
Sif Muna
Trog
Uskayaw
Vehumet
Wu Jian
Xom
Yredelemnul
Zin
The Shining One
Jiyva
Lugonu


Innate Abilities, Weirdness & Mutations

You can breathe blasts of noxious fumes.
Your lurid green scales are hard. (AC +7)
You cannot fit into any form of body armour.
Your system is resistant to poisons. (rPois)
You are cold-blooded and may be slowed by cold attacks.


Message History

Your gnoll zombie is destroyed!
The unseen horror hits your death yak zombie!
Your death yak zombie is destroyed!
The deep troll bites you but does no damage.
The deep troll closely misses you. The deep troll claws you.
* * * LOW HITPOINT WARNING * * *
The deep troll bites you but does no damage.
The deep troll claws you but does no damage.
The deep troll claws you.
* * * LOW HITPOINT WARNING * * *
You can no longer trade souls for undead servants.
You feel much better.
Your kobold demonologist zombie seems less confused.
The unseen horror hits your kobold demonologist zombie.
The deep troll bites you but does no damage.
The deep troll closely misses you.
The deep troll claws you but does no damage.
Your kobold demonologist zombie hits the unseen horror but does no damage.
The unseen horror closely misses your kobold demonologist zombie.
You feel much better.
The unseen horror hits your kobold demonologist zombie.
The deep troll bites you! The deep troll barely misses you.
The deep troll misses you.
The deep troll completely misses you. x2
The deep troll claws you but does no damage.
You impale the deep troll!! You tail-slap the deep troll.
The deep troll is heavily wounded.
The unseen horror hits your kobold demonologist zombie!
The unseen horror hits your kobold demonologist zombie. x2
Your kobold demonologist zombie hits the unseen horror.
The deep troll closely misses you. The deep troll misses you. x2
The unseen horror barely misses your kobold demonologist zombie.
Your kobold demonologist zombie barely misses the unseen horror.
The deep troll bites you but does no damage.
The deep troll claws you. The deep troll closely misses you.
Your kobold demonologist zombie hits the unseen horror but does no damage.
The deep troll bites you! The deep troll claws you! x2
You impale the deep troll!!
The deep troll is severely wounded.
The unseen horror closely misses your kobold demonologist zombie.
The unseen horror hits your kobold demonologist zombie.
Your kobold demonologist zombie is destroyed!
The deep troll bites you. The deep troll claws you!
* * * LOW HITPOINT WARNING * * *
The deep troll misses you. The deep troll completely misses you.
The deep troll misses you. x2; The deep troll bites you!!
* * * LOW HITPOINT WARNING * * *
The deep troll misses you. The deep troll completely misses you.
You feel much better. The deep troll closely misses you.
The deep troll completely misses you. The deep troll misses you.
You feel much better. The deep troll bites you!
* * * LOW HITPOINT WARNING * * *
The deep troll closely misses you. The deep troll barely misses you.
The deep troll completely misses you. The deep troll claws you!
* * * LOW HITPOINT WARNING * * *
The deep troll claws you but does no damage.
You feel much better. The deep troll bites you. The deep troll misses you.
The deep troll claws you!
* * * LOW HITPOINT WARNING * * *
Aiming: Breathe Noxious Fumes (3% risk of failure)
Press: ? - help, Shift-Dir - straight line, f - deep troll
Aim: a deep troll (severely wounded, haloed, 76% to hit)
You exhale a blast of noxious fumes.
The blast of choking fumes hits the deep troll.
The deep troll is severely wounded.
The unseen horror completely misses you.
The deep troll is engulfed in noxious fumes.
The deep troll bites you!
* * * LOW HITPOINT WARNING * * *
The deep troll completely misses you. The deep troll barely misses you.
The deep troll is engulfed in noxious fumes.
The deep troll appears confused.
You feel better. The unseen horror hits you!
* * * LOW HITPOINT WARNING * * *
The deep troll is engulfed in noxious fumes.
You feel better. The unseen horror closely misses you.
The deep troll barely misses you. The deep troll claws you.
* * * LOW HITPOINT WARNING * * *
The deep troll barely misses you. The deep troll closely misses you.
The deep troll misses you. The deep troll claws you!
* * * LOW HITPOINT WARNING * * *
You feel better. The unseen horror misses you.
You puncture the unseen horror!
The unseen horror is almost dead.
The deep troll seems less confused.
The unseen horror misses you. x3
The deep troll bites you!
* * * LOW HITPOINT WARNING * * *
The deep troll claws you!
* * * LOW HITPOINT WARNING * * *
The deep troll claws you but does no damage.
The deep troll bites you but does no damage.
The deep troll misses you. The deep troll completely misses you.
You feel better. The unseen horror hits you.
* * * LOW HITPOINT WARNING * * *
The deep troll bites you.
* * * LOW HITPOINT WARNING * * *
The deep troll misses you. The deep troll closely misses you.
The unseen horror completely misses you.
The deep troll bites you!
You die...
Your body rises from the dead as a mindless zombie.

'###.......##''#####
..##....Z..##...)..#
..##.......##...).)#
####...<...###..).##
[.##.......# ##))## #.
[.##.......###.)..## ...
####.......##......#....
.. ##########......'....+
.############...@x.#....#
)#....#..[[###..T.###....
'#....#...[# ##''## ##..
.'.Z.Z'..))# #.... #
)#....#..))##......
.#....#...)##......#
####################


You could see a deep troll and an unseen horror (invisible).

Vanquished Creatures
  A hydra (D)
  2 kobold demonologists (D)
  A merfolk (D)
  2 flying skulls (D)
  A wyvern (D)
  A fire bat (D)
  An orc warrior (D)
  2 ogres (D)
  A hound (D)
  An iron imp (D)
  2 gnolls (D)
  A river rat (D)
  An adder skeleton (D)
  2 orcs (D)
  A giant cockroach (D)
  A hobgoblin (D)
  4 jackals (D)
  A quokka (D)
  A kobold (D)
27 creatures vanquished.

Vanquished Creatures (collateral kills)
  Erica (D)
  A death yak (D)
  A guardian serpent (D)
  A cane toad (D)
  A floating eye (D)
  2 kobold brigands (D)
  A scorpion (D)
  A gnoll bouda (D)
  3 gnolls (D)
  An endoplasm (D)
  4 kobolds (D)
  2 rats (D)
19 creatures vanquished.

Vanquished Creatures (others)
  A death yak zombie (D)
  A hydra zombie (D)
  A guardian serpent zombie (D)
  A fire bat zombie (D)
  An ogre zombie (D)
  4 adder zombies (D)
  A bat zombie (D)
  5 gnoll zombies (D)
  A ball python zombie (D)
  A giant cockroach zombie (D)
  A hobgoblin zombie (D)
  2 jackal zombies (D)
  4 kobold zombies (D)
  2 orc zombies (D)
  A quokka zombie (D)
  A rat zombie (D)
28 creatures vanquished.

Grand Total: 74 creatures vanquished

Notes
Turn   | Place    | Note
-------+----------+-------------------------------------------
     0 | D        | Darkkill the Draconian Monk began the quest for the Orb.
     0 | D        | Reached XP level 1. HP: 19/19 MP: 1/1
    46 | D        | Found a bloodstained altar of Trog.
    46 | D        | Found a shimmering blue altar of Sif Muna.
    46 | D        | Found a viscous altar of Jiyva.
    46 | D        | Found a hazy altar of Hepliaklqana.
    46 | D        | Found an opulent altar of Gozag.
    47 | D        | Found a glowing golden altar of the Shining One.
    47 | D        | Found a glowing silver altar of Zin.
    47 | D        | Found a basalt altar of Yredelemnul.
    47 | D        | Found a shimmering altar of Xom.
    47 | D        | Found an ornate altar of the Wu Jian Council.
    47 | D        | Found a sacrificial altar of Ru.
    47 | D        | Found a stormy altar of Qazlal.
    47 | D        | Found an iron altar of Okawaru.
    47 | D        | Found a sparkling altar of Nemelex Xobeh.
    47 | D        | Found a burning altar of Makhleb.
    47 | D        | Found a blossoming altar of Fedhas.
    47 | D        | Found a white marble altar of Elyvilon.
    47 | D        | Found a shadowy altar of Dithmenos.
    47 | D        | Found a snail-covered altar of Cheibriados.
    49 | D        | Found a radiant altar of Vehumet.
    49 | D        | Found a corrupted altar of Lugonu.
    50 | D        | Found a hide-covered altar of Uskayaw.
    50 | D        | Found an ancient bone altar of Kikubaaqudgha.
    50 | D        | Found a broken altar of Ashenzari.
    76 | D        | Became a worshipper of Yredelemnul the Dark
    76 | D        | Reached * piety under Yredelemnul
    76 | D        | Reached ** piety under Yredelemnul
   112 | D        | Reached skill level 4 in Fighting
   112 | D        | Reached XP level 2. HP: 27/28 MP: 2/2
   135 | D        | Reached skill level 5 in Fighting
   135 | D        | Reached XP level 3. HP: 10/36 MP: 3/3
   238 | D        | Noticed a floating eye
   238 | D        | Noticed a scorpion
   241 | D        | Paralysed by a floating eye for 3 turns
   261 | D        | Paralysed by a floating eye for 2 turns
   261 | D        | Killed a scorpion
   262 | D        | Reached skill level 6 in Fighting
   262 | D        | Reached skill level 5 in Long Blades
   262 | D        | Reached skill level 5 in Dodging
   262 | D        | Reached XP level 4. HP: 45/45 MP: 4/4
   270 | D        | Killed a floating eye
   271 | D        | Reached skill level 7 in Fighting
   271 | D        | Reached XP level 5. HP: 53/53 MP: 5/5
   334 | D        | Noticed a flying skull
   344 | D        | Killed a flying skull
   345 | D        | Reached skill level 9 in Fighting
   345 | D        | Reached XP level 6. HP: 63/63 MP: 6/6
   376 | D        | Reached skill level 10 in Fighting
   406 | D        | Noticed a four-headed hydra
   410 | D        | HP: 13/66 [four-headed hydra (4)]
   421 | D        | HP: 8/99 [four-headed hydra (13)]
   422 | D        | Killed a four-headed hydra
   423 | D        | Reached skill level 11 in Fighting
   423 | D        | Reached skill level 10 in Long Blades
   423 | D        | Your scales start taking on a lurid green colour.
   423 | D        | Reached XP level 7. HP: 7/75 MP: 7/7
   423 | D        | Gained mutation: Your system is resistant to poisons.
                  | (rPois) [Green Draconian growth]
   423 | D        | Reached XP level 8. HP: 7/83 MP: 8/8
   760 | D        | Noticed a merfolk
   760 | D        | Noticed a death yak
   769 | D        | Killed a death yak
   770 | D        | Reached skill level 12 in Fighting
   770 | D        | Reached skill level 10 in Dodging
   772 | D        | Reached *** piety under Yredelemnul
   773 | D        | Reached skill level 13 in Fighting
   780 | D        | Killed a merfolk
   781 | D        | Reached XP level 9. HP: 56/93 MP: 9/9
   815 | D        | Got the +2 rapier of Guri {flame, rN+}
   965 | D        | Noticed a kobold demonologist
   965 | D        | Noticed a kobold demonologist
   967 | D        | Noticed a rust devil
   973 | D        | Noticed an orange demon
   979 | D        | Noticed an orange demon
   981 | D        | Killed a kobold demonologist
   982 | D        | Reached skill level 14 in Fighting
   990 | D        | Noticed a sun demon
   990 | D        | Killed a kobold demonologist
  1024 | D        | Noticed a cane toad
  1025 | D        | Noticed Erica
  1025 | D        | Noticed a guardian serpent
  1031 | D        | Killed a cane toad
  1032 | D        | Killed Erica
  1033 | D        | Reached skill level 15 in Fighting
  1033 | D        | Reached XP level 10. HP: 31/105 MP: 10/10
  1034 | D        | HP: 12/105 [guardian serpent (16)]
  1036 | D        | Killed a guardian serpent
  1040 | D        | Noticed a deep troll
  1047 | D        | HP: 5/106 [deep troll (18)]
  1052 | D        | HP: 20/106 [unseen horror (8)]
  1055 | D        | HP: 9/106 [deep troll (8)]
  1056 | D        | Mangled by a deep troll

Illustrated notes

Levels and vault maps discovered:
D:        pitsprint [storerooms_1, entrance_room_1, metal_vault_2, armoury_1,
          mini_pit_1, grid_room_1, main_hall_1, silver_pit, the_coven_3,
          the_vestibule_1, steel_vault_1, golden_pit, hallway_of_sentries,
          crystal_vault_1, iron_vault_2, final_vault]

Skill      XL: |  1  2  3  4  5  6  7  8  9 10 |
---------------+-------------------------------+-----
Dodging        | 3 4 5 6 7 9 11 12 13 | 13.1
Fighting       | 4 5 6 7 9 11 13 15 | 15.4
Long Blades    | 4 5 7 8 10 12 13 14 | 14.2

Action                     |  1- 3 |  4- 6 |  7- 9 | 10-12 || total
---------------------------+-------+-------+-------+-------++-------
  Melee: Falchion          |     7 |       |       |       ||     7
         Trident           |    13 |    32 |    36 |     7 ||    88
         Tailslap          |     4 |     3 |     5 |     3 ||    15
Ability: Breathe Noxious F |       |       |       |     1 ||     1
    Use: Potion            |       |     4 |     5 |    11 ||    20
         Scroll            |       |     2 |       |       ||     2
   Stab: Distracted        |       |       |       |     1 ||     1
 Armour: Skin              |     4 |    11 |    27 |    13 ||    55
  Dodge: Dodged            |    16 |    51 |   128 |    54 ||   249

Table legend: (Time is in decaauts)
 A = Elapsed time spent in this place.
 B = Non-inter-level travel time spent in this place.
 C = Inter-level travel time spent in this place.
 D = Time resting spent in this place.
 E = Time spent auto-exploring this place.
 F = Levels seen in this place.
 G = Mean time per level.
                   A        B        C        D        E       F      G
               +--------+--------+--------+--------+--------+-----+--------+
         Total |   1167 |   1118 |     49 |    497 |      0 |   1 | 1167.0 |
       Dungeon |   1167 |   1118 |     49 |    497 |      0 |   1 | 1167.0 |
               +--------+--------+--------+--------+--------+-----+--------+

Top non-repeatable levels by time:
       D: 1167 daAuts

Levels and vault maps discovered:
D:        pitsprint [storerooms_1, entrance_room_1, metal_vault_2, armoury_1,
          mini_pit_1, grid_room_1, main_hall_1, silver_pit, the_coven_3,
          the_vestibule_1, steel_vault_1, golden_pit, hallway_of_sentries,
          crystal_vault_1, iron_vault_2, final_vault]

Table legend: (Time is in decaauts)
 A = Elapsed time spent in this place.
 B = Non-inter-level travel time spent in this place.
 C = Inter-level travel time spent in this place.
 D = Time resting spent in this place.
 E = Time spent auto-exploring this place.
 F = Levels seen in this place.
 G = Mean time per level.
                   A        B        C        D        E       F      G
               +--------+--------+--------+--------+--------+-----+--------+
         Total |   1167 |   1118 |     49 |    497 |      0 |   1 | 1167.0 |
       Dungeon |   1167 |   1118 |     49 |    497 |      0 |   1 | 1167.0 |
               +--------+--------+--------+--------+--------+-----+--------+

Top non-repeatable levels by time:
       D: 1167 daAuts

Table legend:
 A = Kills in this place as a percentage of kills in the entire game.
 B = Kills by you in this place as a percentage of kills by you in the entire game.
 C = Kills by friends in this place as a percentage of kills by friends in the entire game.
 D = Other kills in this place as a percentage of other kills in the entire game.
 E = Experience gained in this place as a percentage of experience gained in the entire game.
 F = Experience gained in this place divided by the number of levels of this place that you have seen.
                   A       B       C       D       E      F
               +-------+-------+-------+-------+-------+----------------------
         Total | 100.0 | 100.0 | 100.0 |   N/A | 100.0 | 6295.0
       Dungeon | 100.0 | 100.0 | 100.0 |   N/A | 100.0 | 6295.0
               +-------+-------+-------+-------+-------+----------------------
